 Dungeon Crawl Stone Soup version 0.14-a0-3367-g7c2a7eb (webtiles) character file.

273 4tharraofdagon the Slasher (level 5, -1/39 HPs)
             Began as a Merfolk Gladiator on Mar 19, 2014.
             Slain by Quh's ghost (12 damage)
             ... on Level 3 of the Dungeon.
             The game lasted 00:03:38 (705 turns).

4tharraofdagon the Slasher (Merfolk Gladiator)       Turns: 705, Time: 00:03:38

HP  -1/39        AC  4     Str 15      XL: 5   Next: 70%
MP   5/5         EV 13     Int  9      God:
Gold 82          SH  0     Dex 14      Spells:  0 memorised,  4 levels left

rFire  . . .     SeeInvis .     j - +1,+2 long sword (elec)
rCold  . . .     Clarity  .     b - +0 leather armour
rNeg   . . .     Conserve .     (no shield)
rPois  .         rCorr    .     c - +0 helmet
rElec  .         rRot     .     (no cloak)
SustAb . .       Spirit   .     (no gloves)
rMut   .         Warding  .     (no boots)
Saprov . . .     Stasis   .     (no amulet)
MR     .....                    (no ring)
                                (no ring)

@: not resistant to hostile enchantments, unstealthy
A: change form in water, swift swim
a: no special abilities


You were on level 3 of the Dungeon.
You were not hungry.

You visited 1 branch of the dungeon, and saw 4 of its levels.

You collected 82 gold pieces.

Inventory:

Hand weapons
 a - a +0,+0 trident
 e - a +1,+1 whip of electrocution
 j - a +1,+2 long sword of electrocution (weapon)
Missiles
 d - 3 throwing nets (quivered)
 i - 7 darts
Armour
 b - a +0 leather armour (worn)
 c - a +0 helmet (worn)
Magical devices
 p - a wand of fire (5)
Comestibles
 f - 2 bread rations
 g - a meat ration
 m - a choko
 s - a sausage
Scrolls
 h - a scroll of enchant armour {unknown}
 k - a scroll of immolation {unknown}
 l - 4 scrolls of remove curse {unknown}
 t - a scroll of enchant weapon II {unknown}
 u - a scroll of magic mapping {unknown}
 v - a scroll of identify {unknown}
Potions
 n - a potion of might {unknown}
 o - a potion of degeneration {unknown}
 q - a potion of curing {unknown}
 r - a potion of haste {unknown}


   Skills:
 + Level 2.5 Fighting
 * Level 5.1 Long Blades
 - Level 4.7 Polearms
 - Level 2.0 Throwing
 + Level 4.6 Dodging


You had 4 spell levels left.
You didn't know any spells.

Dungeon Overview and Level Annotations

Branches:
Dungeon (4/15)
 Temple: D:4-7

Altars:
Ashenzari
Nemelex Xobeh
Sif Muna

Annotations:
D:3 Quh's ghost, average HOFi


Message History

Quh's ghost is severely damaged.
Quh's ghost hits you but does no damage.
You hit Quh's ghost but do no damage.
Quh's ghost is severely damaged.
Quh's ghost hits you.
You hit Quh's ghost but do no damage.
Quh's ghost is severely damaged.
Quh's ghost misses you.
You hit Quh's ghost.
Quh's ghost is almost destroyed.
Quh's ghost barely misses you.
You hit Quh's ghost.
Quh's ghost is almost destroyed.
Quh's ghost hits you. x2
* * * LOW HITPOINT WARNING * * *
You hit Quh's ghost.
Quh's ghost is almost destroyed.
Quh's ghost shouts, "Do you think the gods will protect you?"
Quh's ghost hits you!
You die...

#.........# #.....
#.>.....>.# #.....
#.........# #.....
#...)%....# ###.##
#...%.(...# #######.##
##.#.######## ...........
#.#.#
#.....################.##
#.#)# #......p......#
#... #.#.#
#.....##@.....# #...
#.#.# ##.## #..>...# #...
#.# #....%.# #... #.#
#.)....# #... #.#
#......# #... #.#
#.#.#### #.#. #.# #.#..
#.#. #.# #.#### #.#. #.#
#.# #.#.


You could see Quh's ghost.

Vanquished Creatures
  An ogre (D:3)
  2 worker ants (D:4)
  4 gnolls (D:3)
  An adder (D:4)
  3 goblins (D:3)
  2 hobgoblins
  7 kobolds
  A quokka (D:4)
  A ball python (D:4)
  A giant cockroach (D:3)
  A giant newt (D:4)
  3 rats
27 creatures vanquished.

Notes
Turn   | Place    | Note
--------------------------------------------------------------
     0 | D:1      | 4tharraofdagon, the Merfolk Gladiator, began the quest for the Orb.
     0 | D:1      | Reached XP level 1. HP: 16/16 MP: 1/1
     3 | D:1      | Noticed a shark
     3 | D:1      | Noticed a giant goldfish
   198 | D:3      | Found a deep blue altar of Sif Muna.
   280 | D:3      | Reached skill level 1 in Long Blades
   280 | D:3      | Reached XP level 2. HP: 22/22 MP: 2/2
   283 | D:3      | Reached XP level 3. HP: 27/27 MP: 3/3
   372 | D:3      | Noticed an ogre
   384 | D:3      | Killed an ogre
   384 | D:3      | Reached XP level 4. HP: 26/33 MP: 4/4
   384 | D:3      | Reached XP level 5. HP: 29/38 MP: 5/5
   598 | D:4      | Found a sparkling altar of Nemelex Xobeh.
   598 | D:4      | Found a shattered altar of Ashenzari.
   621 | D:4      | Reached skill level 5 in Long Blades
   690 | D:3      | Noticed Quh's ghost (average HOFi)
   705 | D:3      | Slain by Quh's ghost

Action                   |  1- 3 |  4- 6 || total
-------------------------+-------+-------++-------
Melee: Trident           |    14 |       ||    14
       Long sword        |    22 |    39 ||    61
       Whip              |     2 |       ||     2
Throw: Throwing net      |     2 |     2 ||     4
Evoke: Wand              |       |     1 ||     1
 Stab: Sleeping          |       |     1 ||     1
